 Dungeon Crawl Stone Soup version 0.29.0-4-gdea44cf6ec (webtiles) character file.

Game seed: 9017834964782644864

735 qw the Chopper (level 8, 0/58 HPs)
             Began as a Formicid Cinder Acolyte on Sept 4, 2022.
             Was a Priest of Ignis.
             Succumbed to a scorpion's poison
             ... on level 5 of the Dungeon.
             The game lasted 00:02:03 (5975 turns).

qw the Chopper (Formicid Cinder Acolyte)            Turns: 5975, Time: 00:02:03

Health: 0/58       AC: 20    Str: 21    XL:     8   Next: 4%
Magic:  9/9        EV:  6    Int: 14    God:    Ignis [***...]
Gold:   284        SH:  9    Dex:  9    Spells: 9/9 levels left

rFire   + . .      SeeInvis +   Y - +0 hand axe (flame)
rCold   . . .      Faith    .   f - +0 kite shield
rNeg    + . .      Spirit   .   c - +0 chain mail
rPois   .          Reflect  .   (helmet unavailable)
rElec   .          Harm     .   (no cloak)
rCorr   .          Rampage  .   g - +0 pair of gloves
Will    +....                   l - +2 pair of boots
Stlth   ..........              (no amulet)
HPRegen 0.19/turn               e - ring of positive energy
MPRegen 0.11/turn               h - ring of willpower

@: lethally poisoned (0 -> 0), fiery-armoured
A: permanent stasis, dig shafts and tunnels, antennae 3, four strong arms
a: Dig, Shaft Self, Renounce Religion, Fiery Armour, Foxfire Swarm, Rising Flame


You were on level 5 of the Dungeon.
You worshipped Ignis.
Ignis was most pleased with you.
You visited 1 branch of the dungeon, and saw 5 of its levels.

You collected 284 gold pieces.


Innate Abilities, Weirdness & Mutations

You cannot be hasted, slowed, berserked, paralysed or teleported.
You can dig through walls and to a lower floor.
You have a pair of large antennae on your head. (SInv)
Your four strong arms can wield two-handed weapons with a shield.


   Skills:
 + Level 3.2 Fighting
 - Level 6.5 Axes
 - Level 2.8 Armour
 - Level 1.0 Dodging
 - Level 6.3 Shields
 - Level 1.1 Spellcasting
 - Level 3.0 Fire Magic


You had 9 spell levels left.
You didn't know any spells.
Your spell library contained the following spells:

 Spells                   Type           Power      Damage    Failure   Level
 Scorch                   Fire           18%        2d5       93%         2

Inventory:

Hand Weapons
 Y - a +0 hand axe of flaming (weapon)
Armour
 c - a +0 chain mail (worn)
 f - a +0 kite shield (worn)
 g - a +0 pair of gloves (worn)
 l - a +2 pair of boots (worn)
Jewellery
 e - a ring of positive energy (left hand)
 h - a ring of willpower (right hand)
Scrolls
 a - 3 scrolls of identify
Potions
 d - a potion of might

Dungeon Overview and Level Annotations

Branches:
Dungeon (5/15)             Temple (0/1) D:5

Altars:
Makhleb
Qazlal

Annotations:
D:4 3 runed translucent doors, qw's ghost, amateur FoCA


Message History

The scorpion is burned by your cloak of flames.
The scorpion is lightly wounded.
You hit the scorpion. You burn the scorpion.
The scorpion is moderately wounded.
You feel very sick.
The scorpion stings you but does no damage.
You barely miss the scorpion.
The scorpion is moderately wounded.
You feel very sick. You block the scorpion's attack.
The scorpion stings you but does no damage.
The scorpion is burned by your cloak of flames.
The scorpion is heavily wounded.
You hit the scorpion. You burn the scorpion.
The scorpion is severely wounded.
You feel very sick. You block the scorpion's attack.
You closely miss the scorpion.
The scorpion is severely wounded.
You feel sick. The scorpion barely misses you.
You closely miss the scorpion.
The scorpion is severely wounded.
You feel sick. You block the scorpion's attack. x2
You hit the scorpion. You burn the scorpion.
The scorpion is severely wounded.
You feel sick. The scorpion stings you.
You hit the scorpion. You burn the scorpion.
The scorpion is almost dead.
You feel sick.
The scorpion stings you but does no damage.
The scorpion is burned by your cloak of flames.
You kill the scorpion!
Your Shields skill increases to level 6!
You have reached level 8!
You feel stronger.
There is a lethal amount of poison in your body!
You feel sick.
There is a lethal amount of poison in your body!
You feel sick.
There is a lethal amount of poison in your body!
You die...

#.# #.#
###.#######.#
#.........#.# .
#########.#.+ {
.. #.### ...
#.# .... #.#
....
#.#######..##.#
#.#....@.......
#.#.###..#.#.#.
#.#.# #........
#######.#.#
#..#.....
#.......#.#
#.......?
#.#######.#
#..#...>.
#.#.......#
#........
#.#.#######
#..#..... #.).#


There were no monsters in sight!

Vanquished Creatures
  Grinder (D:4)
  A black bear (D:4)
  3 scorpions
  A hound (D:4)
  Terence (D:2)
  2 iguanas (D:5)
  3 gnolls (D:4)
  2 adders (D:3)
  An ufetubus (D:4)
  2 worms
  5 dart slugs
  4 orcs
  9 endoplasms
  2 giant cockroaches
  9 goblins
  8 hobgoblins
  14 jackals
  5 quokkas
  4 ball pythons
  8 bats
  4 frilled lizards
  3 kobolds
  7 rats
99 creatures vanquished.

Notes
Turn   | Place    | Note
-------+----------+-------------------------------------------
     0 | D:1      | qw the Formicid Cinder Acolyte began the quest for the Orb.
     0 | D:1      | Reached XP level 1. HP: 18/18 MP: 2/2
     0 | D:1      | 0 ||| qw: Version: 0.1-a-103-gd6f5d3a
     0 | D:1      | 0 ||| qw: Game counter: 5530
     0 | D:1      | 0 ||| qw: Always use a shield: true
     0 | D:1      | 0 ||| qw: God list: Okawaru
     0 | D:1      | 0 ||| qw: Allow faded altars: false
     0 | D:1      | 0 ||| qw: Do Orc after D:15 true
     0 | D:1      | 0 ||| qw: Do second Lair branch before Depths: true
     0 | D:1      | 0 ||| qw: Lair rune preference: random
     0 | D:1      | 0 ||| qw: Plans: Normal
     0 | D:1      | 0 ||| PLANNING D:1-11
    91 | D:1      | 91 ||| Stepping ~*~*~tactically~*~*~ (hiding).
   193 | D:1      | 193 ||| Stepping ~*~*~tactically~*~*~ (hiding).
   517 | D:1      | Reached XP level 2. HP: 24/24 MP: 3/3
   562 | D:1      | 562 ||| Stepping ~*~*~tactically~*~*~ (hiding).
   664 | D:1      | 664 ||| Stepping ~*~*~tactically~*~*~ (hiding).
   902 | D:1      | 902 ||| Stepping ~*~*~tactically~*~*~ (stealth).
   925 | D:1      | Reached XP level 3. HP: 29/29 MP: 4/4
  1148 | D:1      | Reached skill level 1 in Dodging
  1297 | D:1      | 1297 ||| UPGRADING to +0 kite shield.
  1302 | D:1      | 1302 ||| READING 3 scrolls labelled YDIMINK SUAHACS.
  1303 | D:1      | 1303 ||| READING 2 scrolls of identify.
  1303 | D:1      | 1303 ||| IDENTIFYING fizzy golden potion
  1324 | D:2      | 1324 ||| STAIRDANCE
  1451 | D:2      | 1451 ||| Stepping ~*~*~tactically~*~*~ (stealth).
  1455 | D:2      | Reached skill level 1 in Shields
  1532 | D:2      | Noticed Terence
  1545 | D:2      | 1545 ||| INVOKING Fiery Armour.
  1547 | D:2      | HP: 3/29 [Terence/+0 flail (6)]
  1550 | D:2      | Killed Terence
  1551 | D:2      | Reached XP level 4. HP: 4/35 MP: 5/5
  1559 | D:2      | 1559 ||| FLEEEEING.
  1560 | D:2      | 1560 ||| FLEEEEING.
  1882 | D:2      | Reached skill level 3 in Shields
  2059 | D:2      | Found a faded altar of an unknown god.
  2172 | D:2      | 2172 ||| Stepping ~*~*~tactically~*~*~ (stealth).
  2391 | D:2      | 2391 ||| FLEEEEING.
  2438 | D:2      | 2438 ||| FLEEEEING.
  2439 | D:2      | 2439 ||| FLEEEEING.
  2440 | D:2      | 2440 ||| FLEEEEING.
  2441 | D:2      | 2441 ||| FLEEEEING.
  2442 | D:2      | 2442 ||| FLEEEEING.
  2443 | D:2      | 2443 ||| FLEEEEING.
  2447 | D:2      | 2447 ||| FLEEEEING.
  2448 | D:2      | 2448 ||| FLEEEEING.
  2449 | D:2      | 2449 ||| FLEEEEING.
  2452 | D:2      | 2452 ||| FLEEEEING.
  2453 | D:2      | 2453 ||| FLEEEEING.
  2454 | D:2      | 2454 ||| FLEEEEING.
  2455 | D:2      | 2455 ||| FLEEEEING.
  2458 | D:2      | 2458 ||| FLEEEEING.
  2461 | D:2      | 2461 ||| FLEEEEING.
  2462 | D:2      | 2462 ||| FLEEEEING.
  2463 | D:2      | 2463 ||| FLEEEEING.
  2464 | D:2      | 2464 ||| FLEEEEING.
  2465 | D:2      | 2465 ||| FLEEEEING.
  2466 | D:2      | 2466 ||| FLEEEEING.
  2467 | D:2      | 2467 ||| STAIRDANCE
  2512 | D:1      | 2512 ||| UPGRADING to +0 scale mail.
  2522 | D:1      | 2522 ||| DROPPING +0 robe.
  2523 | D:1      | 2523 ||| READING scroll labelled ENOFET OBEGOAZ.
  2524 | D:1      | 2524 ||| READING scroll labelled GETOEZUGGE.
  2525 | D:1      | 2525 ||| DRINKING 2 fuming puce potions.
  2573 | D:2      | 2573 ||| Stepping ~*~*~tactically~*~*~ (stealth).
  2592 | D:2      | Reached XP level 5. HP: 41/41 MP: 6/6
  2675 | D:2      | Reached skill level 1 in Armour
  2681 | D:2      | 2681 ||| Stepping ~*~*~tactically~*~*~ (stealth).
  2821 | D:2      | 2821 ||| UPGRADING to ring of positive energy.
  2822 | D:2      | 2822 ||| READING scroll labelled ZUIQAO DORUOVUJ.
  3172 | D:3      | 3172 ||| Stepping ~*~*~tactically~*~*~ (stealth).
  3470 | D:3      | 3470 ||| Stepping ~*~*~tactically~*~*~ (hiding).
  3487 | D:3      | 3487 ||| Stepping ~*~*~tactically~*~*~ (stealth).
  3488 | D:3      | 3488 ||| Stepping ~*~*~tactically~*~*~ (stealth).
  3771 | D:3      | 3771 ||| UPGRADING to +0 chain mail.
  3781 | D:3      | 3781 ||| DROPPING +0 scale mail.
  3782 | D:3      | 3782 ||| UPGRADING to +2 pair of boots.
  3787 | D:3      | 3787 ||| READING scroll labelled OPUFULI RYOMY.
  3788 | D:3      | 3788 ||| READING scroll labelled POQAHECSIFO.
  3789 | D:3      | 3789 ||| READING scroll labelled FUACRUEFRU.
  3790 | D:3      | 3790 ||| READING scroll labelled YLYUMY GYODECK.
  3791 | D:3      | 3791 ||| READING scroll labelled GIWUMOPNEFARA.
  3792 | D:3      | 3792 ||| READING scroll labelled UNEMIFU LAUSE.
  3793 | D:3      | 3793 ||| Stepping randomly (stuck).
  3794 | D:3      | 3794 ||| Stepping ~*~*~tactically~*~*~ (cloud).
  3814 | D:3      | 3814 ||| Stepping ~*~*~tactically~*~*~ (stealth).
  4003 | D:4      | 4003 ||| INVOKING Fiery Armour.
  4005 | D:4      | HP: 9/41 [poisoned by a scorpion]
  4006 | D:4      | 4006 ||| DRINKING potion of heal wounds.
  4009 | D:4      | Reached XP level 6. HP: 41/47 MP: 7/7
  4106 | D:4      | Found a burning altar of Makhleb.
  4142 | D:4      | 4142 ||| INVOKING Fiery Armour.
  4231 | D:4      | Found a runed translucent gate.
  4232 | D:4      | Found a runed translucent gate.
  4233 | D:4      | Found a runed translucent gate.
  4233 | D:4      | Noticed qw's ghost (amateur FoCA)
  4234 | D:4      | Identified the +8 spear "Qahot" {venom, rPois rC+ rN++
                  | Int-5}
  4479 | D:4      | Noticed a black bear
  4491 | D:4      | Killed a black bear
  4492 | D:4      | Reached XP level 7. HP: 32/52 MP: 8/8
  4744 | D:4      | Found a stormy altar of Qazlal.
  4825 | D:4      | Noticed Grinder
  4842 | D:4      | 4842 ||| INVOKING Fiery Armour.
  4849 | D:4      | 4849 ||| FLEEEEING.
  4850 | D:4      | 4850 ||| FLEEEEING.
  4851 | D:4      | 4851 ||| FLEEEEING.
  4852 | D:4      | 4852 ||| FLEEEEING.
  4853 | D:4      | 4853 ||| FLEEEEING.
  4854 | D:4      | 4854 ||| FLEEEEING.
  4855 | D:4      | 4855 ||| FLEEEEING.
  4863 | D:4      | 4863 ||| STAIRDANCE
  5013 | D:3      | 5013 ||| UPGRADING to +0 pair of gloves.
  5018 | D:3      | 5018 ||| UPGRADING to ring of willpower.
  5019 | D:3      | 5019 ||| READING 3 scrolls of identify.
  5019 | D:3      | 5019 ||| IDENTIFYING green potion
  5020 | D:3      | 5020 ||| DROPPING potion of flight.
  5070 | D:4      | 5070 ||| INVOKING Fiery Armour.
  5071 | D:4      | 5071 ||| FLEEEEING.
  5072 | D:4      | 5072 ||| FLEEEEING.
  5073 | D:4      | 5073 ||| FLEEEEING.
  5074 | D:4      | 5074 ||| FLEEEEING.
  5075 | D:4      | 5075 ||| FLEEEEING.
  5084 | D:4      | 5084 ||| STAIRDANCE
  5278 | D:4      | 5278 ||| FLEEEEING.
  5279 | D:4      | 5279 ||| FLEEEEING.
  5287 | D:4      | 5287 ||| STAIRDANCE
  5349 | D:4      | Killed Grinder
  5350 | D:4      | Reached skill level 6 in Axes
  5728 | D:4      | 5728 ||| Stepping randomly (stuck).
  5748 | D:5      | Entered Level 5 of the Dungeon
  5764 | D:5      | 5764 ||| STAIRDANCE
  5944 | D:5      | Found a staircase to the Ecumenical Temple.
  5945 | D:5      | 5945 ||| Stepping randomly (stuck).
  5947 | D:5      | 5947 ||| Stepping randomly (stuck).
  5965 | D:5      | 5965 ||| INVOKING Fiery Armour.
  5967 | D:5      | HP: 12/52 [poisoned by a scorpion]
  5970 | D:5      | HP: 5/52 [poisoned by a scorpion]
  5973 | D:5      | Reached skill level 6 in Shields
  5973 | D:5      | Reached XP level 8. HP: 3/58 MP: 9/9
  5973 | D:5      | HP: 2/58 [poisoned by a scorpion]
  5975 | D:5      | Succumbed to a scorpion's poison

Levels and vault maps discovered:
D:1:      minmay_arrival_pointy, layout_basic
D:2:      layout_basic, shapermc_ecumenical_altar_pompeii, minmay_quantized,
          uniq_terence
D:3:      layout_loops_ring, serial_aquarium, aquarium_bridge_square
          [aquarium_subvault_bridge, aquarium_subvault_wall,
          aquarium_subvault_wall, aquarium_subvault_bridge],
          aquarium_bridge_island_small [aquarium_subvault_small_open,
          aquarium_subvault_wall, aquarium_subvault_window,
          aquarium_subvault_bridge, aquarium_subvault_balcony],
          aquarium_window_2, aquarium_window_2, aquarium_view_2b
D:4:      layout_cave_pods, nicolae_overflow_crystal_walls,
          mainiacjoe_overflow_brackets, biasface_ghost_orc_armoury, uniq_grinder
D:5:      layout_basic, mainiacjoe_overflow_small_starburst,
          nicolae_overflow_hidden_temple, grunt_temple_overflow_diamond,
          nemelex_altar_shiori, minmay_temple_entry_glass

Skill      XL: |  1  2  3  4  5  6  7 |
---------------+----------------------+-----
Axes           | 4 5 6 |  6.5
Dodging        | 1 |  1.0
Shields        | 2 3 4 5 6 |  6.3
Armour         | 1 2 |  2.8
Fighting       | |  3.2
Spellcasting   | |  1.1
Fire Magic     | |  3.0

Action                   |  1- 3 |  4- 6 |  7- 9 || total
-------------------------+-------+-------+-------++-------
Melee: Hand axe          |    70 |   178 |   101 ||   349
       Unarmed           |       |       |    15 ||    15
Throw: Boomerang         |    30 |    27 |       ||    57
Invok: Fiery Armour      |     1 |     2 |     3 ||     6
  Use: Scroll            |     2 |     9 |     1 ||    12
       Potion            |       |     2 |       ||     2
Armor: Robe              |    12 |     7 |       ||    19
       Scale mail        |       |    39 |       ||    39
       Chain mail        |       |    40 |    29 ||    69
       Skin              |       |       |     1 ||     1
Dodge: Dodged            |    31 |    62 |    17 ||   110
Block: Kite shield       |    10 |    76 |    26 ||   112

Table legend:
 A = Non-vault XP
 B = Vault XP
 C = Vault XP percentage of total XP
 D = Non-vault monster count
 E = Vault monster count
 F = Vault count percentage of total count
                 A         B        C        D         E       F
            +---------+---------+-------+---------+---------+-------
      Total |     724 |     326 |  31.0 |      92 |       7 |   7.1
            +---------+---------+-------+---------+---------+-------
        D:1 |      47 |       0 |   0.0 |      25 |       0 |   0.0
        D:2 |      56 |      49 |  46.7 |      28 |       6 |  17.6
        D:3 |      56 |       0 |   0.0 |      18 |       0 |   0.0
        D:4 |     408 |     277 |  40.4 |      17 |       1 |   5.6
        D:5 |     157 |       0 |   0.0 |       4 |       0 |   0.0
            +---------+---------+-------+---------+---------+-------
